 Dungeon Crawl Stone Soup version 0.26-a0-652-gafc20e3620 (webtiles) character file.

Game seed: 1136906693448540308

7 Gargoyl the Skirmisher (level 2, -11/29 HPs)
             Began as a Gnoll Abyssal Knight on Oct 1, 2020.
             Was a Follower of Lugonu.
             Mangled by a neqoxec (13 damage)
             ... on level 2 of the Abyss.
             The game lasted 00:00:32 (439 turns).

Gargoyl the Skirmisher (Gnoll Abyssal Knight)        Turns: 439, Time: 00:00:33

Health: -11/29     AC:  2    Str: 14    XL:     2   Next: 4%
Magic:  4/4        EV: 12    Int: 12    God:    Lugonu [*.....]
Gold:   0          SH:  0    Dex: 14    Spells: 1/1 levels left

rFire    . . .     SeeInvis .   a - +1 hand axe
rCold    . . .     Faith    .   (no shield)
rNeg     . . .     Spirit   .   b - +0 leather armour
rPois    .         Reflect  .   (no helmet)
rElec    .         Harm     .   (no cloak)
rCorr    .         Rampage  .   (no gloves)
MR       .....                  (no boots)
Stlth    +.........             (no amulet)
HPRegen  0.09/turn              (no ring)
MPRegen  0.09/turn              (no ring)

@: no status effects
A: distributed training, fangs 1, deformed body, dopey 1, low mp 1, strong nose
a: Depart the Abyss, Renounce Religion


You were on level 2 of the Abyss.
You worshipped Lugonu.
Lugonu was aware of your devotion.
You visited 0 branches of the dungeon, and saw 0 of its levels.
You visited the Abyss 1 time.

Inventory:

Hand Weapons
 a - a +1 hand axe (weapon)
Missiles
 c - 8 poisoned darts (quivered)
Armour
 b - a +0 leather armour (worn)
Potions
 d - a potion of mutation {unknown}


   Skills:
 + Level 6.4 Fighting
 + Level 0.2 Short Blades
 + Level 0.2 Long Blades
 + Level 4.4 Axes
 + Level 0.2 Maces & Flails
 + Level 0.2 Polearms
 + Level 0.2 Staves
 + Level 0.2 Slings
 + Level 0.2 Bows
 + Level 0.2 Crossbows
 + Level 0.2 Throwing
 + Level 4.4 Armour
 + Level 2.4 Dodging
 + Level 0.2 Stealth
 + Level 0.2 Shields
 + Level 0.2 Unarmed Combat
 + Level 0.2 Spellcasting
 + Level 0.1 Conjurations
 + Level 0.1 Hexes
 + Level 0.1 Summonings
 + Level 0.1 Necromancy
 + Level 0.1 Translocations
 + Level 0.1 Transmutations
 + Level 0.1 Fire Magic
 + Level 0.1 Ice Magic
 + Level 0.1 Air Magic
 + Level 0.1 Earth Magic
 + Level 0.1 Poison Magic
 + Level 4.4 Invocations
 + Level 0.2 Evocations


You had one spell level left.
You didn't know any spells.
Your spell library was empty.

Dungeon Overview and Level Annotations

Branches:
Dungeon (0/15)

Altars:


Innate Abilities, Weirdness & Mutations

Your experience applies equally to all skills.
You have very sharp teeth.
Your uncanny sense of smell can sniff out nearby items.
Armour fits poorly on your strangely shaped body.
You are dopey. (Int -2)
Your magical capacity is low. (-10% MP)


Message History

The neqoxec is heavily wounded.
You hit the ynoxinul. The neqoxec gestures at you.
Something tries to feed on your intellect!
The ynoxinul hits you.
Unknown command.
You hit the neqoxec but do no damage.
The neqoxec is heavily wounded.
You hit the ynoxinul.
The neqoxec gestures.
The ynoxinul hits you.
* * * LOW HITPOINT WARNING * * *
The neqoxec hits you.
* * * LOW HITPOINT WARNING * * *
The ynoxinul barely misses you.
You hit the neqoxec.
The neqoxec is severely wounded.
You hit the white imp but do no damage. You hit the ynoxinul.
The neqoxec hits you!
You die...

...... ..
...... . #
..## .# . #..#
. ###
............
.#.........
####. #.#
.##.5###......
# ..#.##3@5..#
#. ..#55#3##.#
. ##..#.#5## ∆
# .#. .5# #
...# #...# ∆
..#... ..###
.#.# .#.## #
#...## # #.###


You could see a neqoxec, a ynoxinul, a crimson imp (summoned, expiring), 2 white
imps, a shadow imp (summoned) and 2 ufetubi.

Vanquished Creatures
  A white imp (Abyss:1)
1 creature vanquished.

Notes
Turn   | Place    | Note
-------+----------+-------------------------------------------
     0 | Abyss:1  | Gargoyl the Gnoll Abyssal Knight began the quest for the
                  | Orb.
     0 | Abyss:1  | Reached XP level 1. HP: 23/23 MP: 3/3
    51 | Abyss:1  | Noticed a small abomination
   104 | Abyss:1  | Reached XP level 2. HP: 6/29 MP: 5/5
   419 | Abyss:2  | Noticed a neqoxec
   423 | Abyss:2  | Gained mutation: Armour fits poorly on your strangely
                  | shaped body. [a neqoxec]
   428 | Abyss:2  | Noticed a ynoxinul
   430 | Abyss:2  | Noticed a crimson imp
   434 | Abyss:2  | Gained mutation: Your magical capacity is low. (-10% MP) [a
                  | neqoxec]
   435 | Abyss:2  | Gained mutation: You are dopey. (Int -2) [a neqoxec]
   438 | Abyss:2  | HP: 1/29 [neqoxec (5)]
   439 | Abyss:2  | Mangled by a neqoxec

Illustrated notes

Levels and vault maps discovered:
Abyss:2

Action                   || total
-------------------------++-------
Melee: Hand axe          ||    17
Throw: Dart              ||     8
Armor: Leather armour    ||     2
Dodge: Dodged            ||    12

Table legend: (Time is in decaauts)
 A = Elapsed time spent in this place.
 B = Non-inter-level travel time spent in this place.
 C = Inter-level travel time spent in this place.
 D = Time resting spent in this place.
 E = Time spent auto-exploring this place.
 F = Levels seen in this place.
 G = Mean time per level.
                   A        B        C        D        E       F      G
               +--------+--------+--------+--------+--------+-----+--------+
         Total |    440 |    440 |      0 |    159 |    232 |   2 |  220.0 |
         Abyss |    440 |    440 |      0 |    159 |    232 |   2 |  220.0 |
               +--------+--------+--------+--------+--------+-----+--------+

Top non-repeatable levels by time:
 Abyss:1: 266 daAuts
 Abyss:2: 174 daAuts
